General information
- name: BNet
- type: Ladder team game (AT/RT)
- host: Battle.net
- saver: windrider-boy
map: Friends
- players: 8
- length: 28:48
- speed: Fast
- version: 1.26 W3XP
- replay type: Public
» download(144 KB)
Players
team 1 (winner)
AmericanBred (
teal | 66 APM | 1901 actions | 28:48)
9 Blademaster
3 Wind Walk
3 Critical Strike
1 Bladestorm
2 Mirror Image
» actions
| Assign group hotkey | 143 | |
| Basic commands | 9 | |
| Build / train | 75 | |
| Enter build submenu | 46 | |
| Enter hero's abilities submenu | 10 | |
| Give item / drop item | 1 | |
| Remove unit from queue | 3 | |
| Right click | 985 | |
| Select / deselect | 398 | |
| Select group hotkey | 116 | |
| Use ability | 115 | |
1901 total
» units
| Peon | 12 | |
| Grunt | 4 | |
| Wind Rider | 12 | |
| Goblin Shredder | 1 | |
| Goblin Zeppelin | 1 | |
30 total
» upgrades
| Ranged Weapons | 3 | |
| Reinforced Defenses | 1 | |
| Armor | 3 | |
| Envenomed Spears | 1 | |
| Spiked Barricades | 2 | |
10 total
» buildings
| Altar of Storms | 1 | |
| Orc Burrow | 6 | |
| Barracks | 1 | |
| Voodoo Lounge | 1 | |
| Stronghold | 1 | |
| War Mill | 2 | |
| Beastiary | 4 | |
| Watch Tower | 28 | |
| Fortress | 1 | |
| Great Hall | 2 | |
47 total
» build order
00:36 Altar of Storms
00:39 Orc Burrow
00:56 Barracks
01:37 Orc Burrow
02:42 Voodoo Lounge
03:02 Stronghold
04:02 War Mill
04:46 Orc Burrow
04:49 Orc Burrow
06:03 Beastiary
06:03 Beastiary
06:11 Watch Tower
06:14 Watch Tower
06:15 Watch Tower
06:49 Orc Burrow
07:16 Orc Burrow
08:53 War Mill
09:11 Fortress
11:21 Great Hall
11:30 Watch Tower
11:31 Watch Tower
11:32 Watch Tower
11:33 Watch Tower
11:33 Watch Tower
11:35 Watch Tower
11:42 Watch Tower
11:43 Watch Tower
11:44 Watch Tower
14:02 Watch Tower
14:02 Watch Tower
14:03 Watch Tower
14:04 Watch Tower
14:05 Watch Tower
14:08 Watch Tower
14:33 Great Hall
17:51 Watch Tower
17:51 Watch Tower
17:52 Watch Tower
17:54 Watch Tower
17:55 Watch Tower
17:55 Watch Tower
18:01 Watch Tower
18:01 Watch Tower
20:49 Beastiary
20:50 Beastiary
24:14 Watch Tower
24:16 Watch Tower
» items
| Healing Salve | 8 | |
| Scroll of Town Portal | 2 | |
| Lesser Clarity Potion | 2 | |
| Orb of Lightning | 1 | |
| Potion of Healing | 1 | |
| Ankh of Reincarnation | 1 | |
| Runed Bracers | 1 | |
| Inferno Stone | 1 | |
17 total
A-TREX (
pink | 34 APM | 352 actions | 10:25)
3 Archmage
2 Summon Water Elemental
1 Brilliance Aura
» actions
| Assign group hotkey | 10 | |
| Build / train | 28 | |
| Enter build submenu | 20 | |
| Enter hero's abilities submenu | 3 | |
| Remove unit from queue | 1 | |
| Right click | 122 | |
| Select / deselect | 96 | |
| Select group hotkey | 42 | |
| Use ability | 30 | |
352 total
» units
| Peasant | 9 | |
| Rifleman | 5 | |
| Mortar Team | 2 | |
16 total
» upgrades
| Gunpowder | 2 | |
| Long Rifles | 1 | |
| Flare | 1 | |
4 total
» buildings
| Altar of Kings | 1 | |
| Farm | 12 | |
| Blacksmith | 1 | |
| Lumber Mill | 1 | |
| Barracks | 3 | |
| Keep | 1 | |
| Castle | 2 | |
| Workshop | 2 | |
23 total
» build order
00:09 Altar of Kings
00:30 Farm
00:47 Blacksmith
01:16 Farm
01:30 Lumber Mill
02:03 Farm
02:41 Barracks
02:42 Barracks
02:50 Farm
03:33 Farm
04:14 Farm
04:46 Farm
04:55 Farm
04:59 Keep
05:37 Farm
06:46 Farm
07:10 Barracks
07:13 Castle
08:36 Workshop
08:37 Workshop
08:56 Farm
09:07 Castle
10:03 Farm
Im_Nice. (
purple | 40 APM | 176 actions | 04:22)
1 Archmage
1 Blizzard
» actions
| Basic commands | 6 | |
| Build / train | 15 | |
| Enter build submenu | 11 | |
| Enter hero's abilities submenu | 1 | |
| Right click | 76 | |
| Select / deselect | 56 | |
| Use ability | 11 | |
176 total
» units
» buildings
| Altar of Kings | 1 | |
| Barracks | 1 | |
| Farm | 3 | |
| Arcane Vault | 1 | |
| Scout Tower | 2 | |
| Keep | 1 | |
| Lumber Mill | 1 | |
10 total
» build order
00:07 Altar of Kings
00:10 Barracks
00:34 Farm
01:13 Farm
01:49 Farm
02:01 Arcane Vault
02:41 Scout Tower
03:34 Keep
03:36 Scout Tower
03:41 Lumber Mill

»
ciscolink (
blue | 45 APM | 1234 actions | 27:35)
5 Mountain King
2 Thunder Clap
2 Bash
1 Storm Bolt
1 Archmage
1 Summon Water Elemental
» actions
| Assign group hotkey | 4 | |
| Build / train | 143 | |
| Enter build submenu | 45 | |
| Enter hero's abilities submenu | 6 | |
| Right click | 700 | |
| Select / deselect | 262 | |
| Select group hotkey | 10 | |
| Use ability | 64 | |
1234 total
» units
| Peasant | 22 | |
| Footman | 13 | |
| Rifleman | 5 | |
| Gryphon Rider | 64 | |
| Knight | 8 | |
112 total
» upgrades
| Swords | 2 | |
| Plating | 2 | |
| Lumber Harvesting | 2 | |
| Masonry | 3 | |
| Gunpowder | 1 | |
| Storm Hammers | 3 | |
| Armor | 1 | |
14 total
» buildings
| Barracks | 1 | |
| Altar of Kings | 1 | |
| Lumber Mill | 1 | |
| Farm | 25 | |
| Scout Tower | 9 | |
| Keep | 2 | |
| Guard Tower | 3 | |
| Gryphon Aviary | 3 | |
| Castle | 2 | |
| Blacksmith | 1 | |
| Arcane Tower | 2 | |
50 total
» build order
00:12 Barracks
00:16 Altar of Kings
00:33 Lumber Mill
01:40 Farm
01:41 Farm
01:43 Farm
01:43 Farm
01:44 Farm
01:45 Farm
01:46 Farm
01:48 Farm
01:52 Farm
01:53 Farm
03:38 Scout Tower
03:43 Scout Tower
03:55 Keep
04:36 Guard Tower
05:01 Guard Tower
05:21 Farm
05:50 Farm
05:54 Farm
06:09 Farm
06:23 Gryphon Aviary
06:28 Castle
06:36 Guard Tower
07:07 Blacksmith
08:02 Farm
08:04 Castle
08:12 Farm
09:35 Farm
09:38 Farm
12:10 Farm
12:16 Farm
15:05 Scout Tower
15:15 Scout Tower
15:49 Arcane Tower
15:53 Arcane Tower
15:58 Farm
16:03 Farm
24:30 Scout Tower
24:43 Gryphon Aviary
25:13 Scout Tower
25:15 Scout Tower
26:03 Gryphon Aviary
26:10 Farm
26:16 Farm
26:19 Farm
26:42 Scout Tower
26:48 Scout Tower
team 2 (loser)
windrider-boy (
red | 62 APM | 1799 actions | 28:48)
6 Firelord
3 Summon Lava Spawn
2 Soul Burn
1 Volcano
» actions
| Assign group hotkey | 31 | |
| Basic commands | 56 | |
| Build / train | 53 | |
| Enter build submenu | 27 | |
| Enter hero's abilities submenu | 6 | |
| Give item / drop item | 1 | |
| Right click | 802 | |
| Select / deselect | 242 | |
| Select group hotkey | 498 | |
| Use ability | 83 | |
1799 total
» units
| Peon | 15 | |
| Grunt | 4 | |
| Goblin Shredder | 2 | |
| Goblin Zeppelin | 1 | |
| Wind Rider | 9 | |
31 total
» upgrades
| Ranged Weapons | 3 | |
| Envenomed Spears | 1 | |
| Reinforced Defenses | 1 | |
| Armor | 3 | |
8 total
» buildings
| Altar of Storms | 1 | |
| Orc Burrow | 7 | |
| Barracks | 1 | |
| Voodoo Lounge | 1 | |
| Stronghold | 1 | |
| War Mill | 2 | |
| Fortress | 2 | |
| Beastiary | 5 | |
| Great Hall | 2 | |
| Watch Tower | 19 | |
41 total
» build order
00:08 Altar of Storms
00:19 Orc Burrow
00:38 Barracks
01:30 Orc Burrow
02:05 Voodoo Lounge
03:15 Stronghold
03:58 War Mill
04:11 Orc Burrow
04:29 Orc Burrow
06:04 Fortress
06:04 Fortress
06:10 Beastiary
06:15 Beastiary
06:48 Beastiary
06:51 Orc Burrow
10:05 Orc Burrow
10:07 Orc Burrow
11:52 War Mill
13:15 Great Hall
14:39 Great Hall
14:54 Beastiary
14:58 Beastiary
15:17 Watch Tower
15:18 Watch Tower
15:18 Watch Tower
16:43 Watch Tower
16:44 Watch Tower
16:48 Watch Tower
16:48 Watch Tower
17:17 Watch Tower
17:18 Watch Tower
17:43 Watch Tower
17:44 Watch Tower
17:49 Watch Tower
17:50 Watch Tower
20:55 Watch Tower
20:55 Watch Tower
20:56 Watch Tower
20:56 Watch Tower
20:57 Watch Tower
20:57 Watch Tower
» items
painkiller20 (
orange | 25 APM | 640 actions | 25:16)
2 Keeper of the Grove
1 Thorns Aura
1 Force of Nature
3 Demon Hunter
2 Evasion
1 Mana Burn
2 Priestess of the Moon
1 Trueshot Aura
1 Searing Arrows
» actions
| Basic commands | 12 | |
| Build / train | 72 | |
| Enter build submenu | 18 | |
| Enter hero's abilities submenu | 7 | |
| Remove unit from queue | 3 | |
| Right click | 173 | |
| Select / deselect | 292 | |
| Use ability | 63 | |
640 total
» units
| Wisp | 24 | |
| Archer | 4 | |
| Huntress | 1 | |
| Dryad | 11 | |
| Druid of the Claw | 7 | |
47 total
» upgrades
| Strength of the Wild | 3 | |
| Reinforced Hides | 2 | |
| Ultravision | 1 | |
| Druid of the Claw Training | 2 | |
| Abolish Magic | 1 | |
| Mark of the Claw | 1 | |
10 total
» buildings
| Altar of Elders | 2 | |
| Moon Well | 6 | |
| Ancient of War | 2 | |
| Hunter's Hall | 1 | |
| Ancient Protector | 3 | |
| Tree of Ages | 1 | |
| Tree of Life | 1 | |
| Ancient of Lore | 3 | |
| Tree of Eternity | 1 | |
20 total
» build order
00:09 Altar of Elders
00:22 Moon Well
00:38 Ancient of War
02:07 Moon Well
02:12 Ancient of War
02:48 Hunter's Hall
03:02 Moon Well
05:00 Ancient Protector
05:05 Ancient Protector
05:16 Ancient Protector
07:08 Tree of Ages
07:37 Tree of Life
09:31 Ancient of Lore
09:34 Ancient of Lore
09:38 Ancient of Lore
10:00 Moon Well
10:43 Tree of Eternity
11:53 Moon Well
12:48 Moon Well
16:49 Altar of Elders

»
the-human (
yellow | 30 APM | 763 actions | 25:40)
5 Paladin
3 Holy Light
2 Devotion Aura
5 Archmage
3 Blizzard
2 Brilliance Aura
» actions
| Assign group hotkey | 27 | |
| Basic commands | 6 | |
| Build / train | 56 | |
| Enter build submenu | 23 | |
| Enter hero's abilities submenu | 11 | |
| Remove unit from queue | 7 | |
| Right click | 202 | |
| Select / deselect | 248 | |
| Select group hotkey | 118 | |
| Use ability | 65 | |
763 total
» units
» upgrades
| Swords | 3 | |
| Plating | 3 | |
| Defend | 1 | |
| Lumber Harvesting | 1 | |
| Animal War Training | 1 | |
9 total
» buildings
| Altar of Kings | 1 | |
| Farm | 15 | |
| Lumber Mill | 1 | |
| Barracks | 3 | |
| Blacksmith | 2 | |
| Keep | 1 | |
| Castle | 1 | |
| Scout Tower | 2 | |
| Guard Tower | 1 | |
27 total
» build order
00:29 Altar of Kings
00:42 Farm
01:04 Lumber Mill
01:10 Barracks
01:35 Farm
02:22 Farm
02:47 Blacksmith
03:02 Blacksmith
03:12 Barracks
03:46 Barracks
04:38 Keep
05:30 Farm
05:31 Farm
05:33 Farm
05:36 Farm
05:37 Farm
05:38 Farm
05:41 Farm
08:04 Castle
10:09 Farm
10:12 Farm
11:48 Farm
11:50 Farm
13:37 Farm
16:39 Scout Tower
16:40 Scout Tower
17:48 Guard Tower
» items
| Orb of Lightning | 1 | |
| Scroll of Town Portal | 1 | |
2 total
xavierdino (
green | 22 APM | 556 actions | 25:46)
4 Blood Mage
2 Flame Strike
2 Banish
» actions
| Basic commands | 5 | |
| Build / train | 72 | |
| Enter build submenu | 25 | |
| Enter hero's abilities submenu | 5 | |
| Right click | 195 | |
| Select / deselect | 218 | |
| Use ability | 35 | |
556 total
» units
| Peasant | 16 | |
| Footman | 1 | |
| Rifleman | 8 | |
| Priest | 6 | |
| Mortar Team | 8 | |
| Sorceress | 2 | |
| Knight | 6 | |
| Siege Engine | 4 | |
51 total
» upgrades
| Masonry | 1 | |
| Lumber Harvesting | 1 | |
| Armor | 2 | |
| Gunpowder | 2 | |
| Long Rifles | 1 | |
| Flare | 1 | |
| Sorceress Training | 1 | |
| Barrage | 1 | |
| Animal War Training | 1 | |
| Fragmentation Shards | 1 | |
12 total
» buildings
| Altar of Kings | 1 | |
| Farm | 10 | |
| Barracks | 1 | |
| Scout Tower | 2 | |
| Blacksmith | 1 | |
| Lumber Mill | 1 | |
| Arcane Tower | 1 | |
| Keep | 1 | |
| Town Hall | 4 | |
| Arcane Sanctum | 1 | |
| Workshop | 2 | |
| Castle | 1 | |
| Guard Tower | 1 | |
27 total
» build order
00:11 Altar of Kings
01:15 Farm
01:19 Farm
01:55 Barracks
02:07 Scout Tower
02:12 Blacksmith
02:37 Lumber Mill
02:54 Arcane Tower
02:58 Farm
03:55 Farm
05:44 Farm
06:27 Farm
06:29 Keep
08:25 Town Hall
09:15 Farm
09:24 Arcane Sanctum
09:49 Workshop
09:56 Workshop
10:07 Scout Tower
10:19 Castle
10:50 Guard Tower
10:54 Farm
11:37 Farm
20:20 Farm
22:11 Town Hall
22:23 Town Hall
22:30 Town Hall
Chat log
(00:08 / All) AmericanBred: Blackbird singing in the dead of night
(00:13 / All) AmericanBred: Take these sunken eyes and learn to see
(00:31 / All) AmericanBred: BLACKBIRD FLY, BLACKBIRD FLY
(00:42 / All) Im_Nice.: sounds like some emo shit
(00:46 / All) AmericanBred: Beatles
(00:52 / All) windrider-boy: arengt blackbirds amish people
(00:55 / Allies) the-human: lol
(01:10 / All) A-TREX: sounds like gay nigger music
(01:25 / All) AmericanBred: Blackbird singing in the dead of night, take these broken wings and learn to fly
(01:29 / All) the-human: what?
(01:32 / All) AmericanBred: All your life, you were only waiting for this moment to arise
(01:59 / All) AmericanBred: YOU SAY YOU WANT A REVOLUTION WELL YOU KNOW
(02:03 / All) AmericanBred: WE ALL WANNA CHANGE THE WORLD
(02:13 / All) AmericanBred: YOU TELL ME THAT ITS EVOLUTION WELL YOU KNOW WE ALL WNANA CHANGE THE WOOOORRLD
(02:23 / All) AmericanBred: BUT WHEN YOU TALK ABOUT DESTRUCTION DONT YOU KNOW
(02:27 / All) AmericanBred: THAT YOU CAN COUNT ME OUT!
(02:33 / All) AmericanBred: YOU KNOW ITS GONNA BE ALRIGHT, ALRIGHT, ALRIGHT!
(04:53 / Allies) the-human: org
(04:58 / Allies) the-human: let me there agter?
(05:11 / Allies) the-human: after*
(05:20 / Allies) windrider-boy: wood
(05:37 / Allies) windrider-boy: wood plz
(07:15 / Allies) the-human: ?!?
(07:20 / Allies) the-human: u need int!!
(07:54 / Allies) the-human: im takibg this k?
(08:32 / Allies) the-human: fuck
(08:41 / Allies) the-human: fuck u!
(09:16 / Allies) windrider-boy: i got wyverns bats
(15:20 / Allies) the-human: some1 need wood?
(15:26 / Allies) windrider-boy: i need gold and wood
(15:41 / Allies) the-human: org i have wood..
(16:50 / Allies) the-human: atk?
(16:58 / Allies) windrider-boy: hit blue
(17:00 / Allies) windrider-boy: not there
(17:10 / Allies) the-human: lets
(17:30 / Allies) windrider-boy: meet at blues
(19:18 / Allies) windrider-boy: b
(19:24 / Allies) the-human: no
(19:27 / Allies) painkiller20: red fight
(19:58 / Allies) the-human: wHY????!?!
(20:01 / Allies) the-human: red
(20:03 / Allies) windrider-boy: why u tp
(20:06 / Allies) windrider-boy: orange was running
(20:07 / Allies) windrider-boy: so i did
(20:11 / Allies) the-human: we would kill them
(20:18 / Allies) windrider-boy: we still can they sucki
(20:22 / Allies) the-human: i have mele
(20:31 / Allies) the-human: they broght flys,,,
(21:09 / Allies) windrider-boy: lets hit blue again
(21:36 / Allies) the-human: helo?
(21:38 / Allies) the-human: aa
(21:40 / Allies) the-human: !!
(21:44 / Allies) the-human: tp red
(22:33 / Allies) the-human: red u idiot
(23:00 / Allies) the-human: gold for main
(23:44 / Allies) painkiller20: why could you not do that earlier before they did soo much damage??
(23:59 / Allies) the-human: what?
(24:17 / Allies) the-human: ?
(24:21 / Allies) windrider-boy: give me that item back yellow
(24:38 / Allies) the-human: lol thats green
(24:44 / Allies) the-human: what?
(25:02 / Allies) the-human: oh my god
(25:13 / All) painkiller20: red tk gg
(25:32 / All) the-human: that was the most fucked up team i have ever got to play with..
(25:43 / All) windrider-boy: lawl
(26:42 / All) windrider-boy: time for u to leave blue
(27:04 / All) AmericanBred: Blue if you leave you'll get a tie
(27:25 / All) AmericanBred: Leave blue or you get a loss
(27:28 / All) AmericanBred: Leave you get a tie
(27:30 / All) AmericanBred: STay you lose
(27:42 / All) windrider-boy: easy lawl
(27:47 / All) windrider-boy: who wins
(27:58 / All) AmericanBred: My team since we struck a deal
(28:12 / All) windrider-boy: so i leave
(28:14 / All) AmericanBred: Blue sucks lozl
(28:15 / All) AmericanBred: yeah
(28:17 / All) AmericanBred: stats blue
(28:45 / All) windrider-boy: ok im gonna eat ho ill be on in an hour or so where the hell is rod